 Dungeon Crawl Stone Soup version 0.19.1 (webtiles) character file.

114 Goblin1989 the Slasher (level 4, -5/33 HPs)
             Began as a Demonspawn Warper on Nov 26, 2016.
             Killed from afar by a white imp (9 damage)
             ... with a puff of frost
             ... summoned by TheWoodenMan's ghost
             ... on level 3 of the Dungeon.
             The game lasted 00:06:33 (2157 turns).

Goblin1989 the Slasher (Demonspawn Warper)          Turns: 2157, Time: 00:06:33

Health: -5/33      AC:  9    Str: 11 (13) XL:     4   Next: 67%
Magic:  7/7        EV: 10    Int: 18 (19) God:
Gold:   102        SH:  0    Dex:  9 (12) Spells: 0 memorised, 7 levels left

rFire  . . .     SeeInvis .     a - +0 falchion
rCold  . . .     Gourm    .     n - +2 ring mail {MR+}
rNeg   . . .     Faith    .     (no shield)
rPois  .         Spirit   .     (no helmet)
rElec  .         Reflect  .     (no cloak)
rCorr  .         Harm     .     (no gloves)
MR     +....                    (no boots)
Stlth  ..........               (no amulet)
                                (no ring)
                                q - +5 ring of intelligence

@: no status effects
A: thin metallic scales 1, powered by pain 1
a: no special abilities


You were on level 3 of the Dungeon.
You were not hungry.

You visited 1 branch of the dungeon, and saw 3 of its levels.

You collected 102 gold pieces.

Inventory:

Hand Weapons
 a - a +0 falchion (weapon)
Missiles
 e - 5 tomahawks of dispersal (quivered)
 Z - 2 throwing nets {=f, !d}
Armour
 n - a +2 ring mail of magic resistance (worn)
Jewellery
 q - a +5 ring of intelligence (left hand)
Scrolls
 g - a scroll of identify {unknown}
 h - a scroll of immolation {unknown}
 l - a scroll of random uselessness {unknown}
 m - a scroll of teleportation {unknown}
 p - 2 scrolls of amnesia {unknown}
 B - a scroll of blinking
Potions
 d - a potion of heal wounds {!q, @q2}
Books
 c - a book of Spatial Translocations

   Spells                             Type                      Level
   a - Blink                          Translocation                2
   b - Shroud of Golubria             Charms/Translocation         2
   c - Lesser Beckoning               Translocation                3
   d - Portal Projectile              Translocation                3
   e - Teleport Other                 Translocation                3
   f - Passage of Golubria            Translocation                4
Comestibles
 f - 5 bread rations {@e1}


   Skills:
 - Level 2.0 Fighting
 + Level 4.5 Long Blades
 - Level 0.8 Throwing
 - Level 0.8 Armour
 - Level 1.7 Dodging
 - Level 2.0 Spellcasting
   Level 2.6 Translocations


You had 7 spell levels left.
You didn't know any spells.

Dungeon Overview and Level Annotations

Branches:
Dungeon (3/15)

Altars:

Annotations:
D:3 Grinder; TheWoodenMan's ghost, amateur DsWz


Innate Abilities, Weirdness & Mutations

You are partially covered in thin metallic scales. (AC +2)
You sometimes gain a little power by taking damage.


Message History

The white imp closely misses you.
You riposte.
You closely miss the white imp.
The white imp is moderately wounded.
The white imp closely misses you.
The shadow imp sputters.
You hit the white imp.
The white imp is heavily wounded.
The white imp gestures at you. The puff of frost hits you!
You take 8 damage, and have 19/33 hp.
MASSIVE DAMAGE!!
The white imp gestures at you. The puff of frost hits you!
* * * LOW HITPOINT WARNING * * *
You take 10 damage, and have 9/33 hp.
MASSIVE DAMAGE!!
The white imp gestures at you. The puff of frost hits you!
* * * LOW HITPOINT WARNING * * *
You take 6 damage, and have 3/33 hp.
The white imp gestures at you. The puff of frost hits you!
You die... ███████████ █W5.......█ █.████5...█ █.█ █....█ █W█

█....██ █5█ █....∆█ █.█
█....██ █5█ ██.█@█
█.█████.█.█ . ......█)█.█ ..
█.█ █.█.█[█ ... █.█ █...█.█
███.... ███.█ ██..█.█
....... ██████.█.█
█..█.████....█.█
.......█.████..█....).......
..........................[.


You could see a white imp.

Vanquished Creatures
  An orc wizard (D:3)
  An adder (D:2)
  An ooze (D:2)
  A dart slug (D:2)
  A worm (D:2)
  2 orcs (D:3)
  3 bats (D:1)
  2 giant cockroaches (D:1)
  8 goblins
  9 hobgoblins
  9 jackals
  12 kobolds
  4 ball pythons
  6 frilled lizards
  7 rats
67 creatures vanquished.

Notes
Turn   | Place    | Note
-------+----------+-------------------------------------------
     0 | D:1      | Goblin1989 the Demonspawn Warper began the quest for the Orb.
     0 | D:1      | Reached XP level 1. HP: 16/16 MP: 3/3
    25 | D:1      | Reached skill level 2 in Long Blades
   299 | D:1      | Gained mutation: You are partially covered in thin metallic scales. (AC +2) [demonic ancestry]
   299 | D:1      | Reached XP level 2. HP: 13/22 MP: 5/5
   820 | D:1      | Reached skill level 3 in Long Blades
  1023 | D:1      | Reached XP level 3. HP: 21/27 MP: 6/6
  1514 | D:2      | Found a faded altar of an unknown god.
  1623 | D:2      | Reached skill level 4 in Long Blades
  1623 | D:2      | Gained mutation: You sometimes gain a little power by taking damage. [demonic ancestry]
  1623 | D:2      | Reached XP level 4. HP: 25/33 MP: 7/7
  1815 | D:3      | Noticed TheWoodenMan's ghost (amateur DsWz)
  1862 | D:3      | Noticed Grinder
  2157 | D:3      | Killed from afar by a white imp

Skill      XL: |  1  2  3 |
---------------+----------+-----
Long Blades    | 2 3 4 |  4.5
Fighting       | |  2.0
Throwing       | |  0.8
Armour         | |  0.8
Dodging        | |  1.7
Spellcasting   | |  2.0
Translocations | |  2.6

Action                   |  1- 3 |  4- 6 || total
-------------------------+-------+-------++-------
Melee: Falchion          |   162 |    37 ||   199
  Use: Potion            |       |     5 ||     5
 Stab: Sleeping          |     1 |       ||     1
  Eat: Chunk             |     2 |       ||     2
       Royal jelly       |       |     1 ||     1
Armor: Leather armour    |    68 |       ||    68
       Ring mail         |    12 |    18 ||    30
Dodge: Dodged            |   116 |    30 ||   146
       Rpst.: Falchion   |    41 |     4 ||    45

Vault maps used:
D:1:      dpeg_arrival_tiny_g, kennysheep_another_room
D:2:      ecumenical_altar_1
D:3:      uniq_terence, uniq_grinder, uniq_crazy_yiuf_cottage
